Map: Oblivion Express

Players

ZPR

  • Race: Zerg Zerg
  • League: Master
  • Spawn Location: 12:00

zpr

  • Race: Terran Terran
  • Spawn Location: 0:00

VOD

Have the link to the VOD?

Description

Time

  • Played on: Jan. 21, 2018, 5:24 a.m.
  • Length: 23:35
Show
View Real Time Build Order
Export as new Build Order

ZPR Zerg 

Build Orders:  

Get SALT Encoding   

  12  0:03  Drone  
  13  0:11  Drone  
  14  0:24  Drone, Extractor  
  15  0:31  Overlord  
  15  1:07  Hatchery  
  14  1:10  Drone  
  14  1:15  Drone  
  16  1:21  Drone  
  16  1:26  Drone  
  18  1:31  Drone  
  19  1:46  Drone  
  20  1:57  Spawning Pool  
  19  2:01  Drone  
  19  2:07  Drone  
  21  2:16  Drone  
  22  2:22  Drone  
  22  2:29  Queen  
  25  2:32  Drone  
  25  2:35  Extractor  
  25  2:39  Extractor  
  24  2:41  Drone  
  25  2:50  Overlord  
  25  2:57  Drone  
  26  3:01  Evolution Chamber  
  26  3:04  Drone  
  26  3:08  Drone  
  27  3:17  Drone  
  28  3:22  Drone  
  29  3:31  Drone  
  29  3:37  Drone  
  31  3:41  Heroic Fortitude  
  31  3:46  Overlord  
  31  3:54  Drone  
  32  4:07  Drone  
  32  4:08  Drone x2  
  32  4:09  Zerg Melee Weapons Level 1  
  35  4:10  Drone  
  35  4:14  Drone x2  
  35  4:19  Drone  
  39  4:39  Overlord, Hatchery  
  38  4:40  Drone x2  
  38  4:47  Lair  
  40  4:57  Drone x2  
  40  4:58  Overlord  
  42  5:04  Drone  
  42  5:05  Extractor  
  42  5:06  Extractor  
  42  5:08  Drone  
  42  5:11  Metabolic Boost  
  42  5:13  Zerg Missile Weapons Level 1  
  42  5:14  Drone  
  42  5:17  Drone  
  44  5:26  Drone x3  
  47  5:35  Drone  
  47  5:37  Drone  
  49  5:42  Drone x3  
  52  5:54  Nydus Network  
  51  6:03  Drone  
  52  6:14  Hydralisk Den  
  52  6:17  Chain Reaction  
  51  6:23  Hardened Carapace  
  51  6:30  Overlord  
  51  6:46  Omega Worm  
  51  6:49  Zergling x2  
  52  6:50  Zergling x22  
  52  6:53  Zerg Melee Weapons Level 2  
  52  6:55  Muscular Augments  
  52  6:56  Hive  
  52  6:57  Overlord  
  63  7:16  Overlord  
  63  7:17  Overlord  
  63  7:18  Zergling x8  
  63  7:19  Zergling x6  
  70  7:41  Ancillary Carapace  
  78  7:51  Hydralisk x4  
  78  7:58  Adrenal Overload  
  78  8:09  Ability Efficiency  
  78  8:15  Omega Worm  
  78  8:17  Frenzy  
  78  8:21  Zergling x2  
  78  8:22  Shredding Claws, Zergling x20  
  89  8:34  Nydus Network  
  88  8:49  Zergling x2  
  89  8:53  Zergling  
  89  8:54  Zergling x11  
  89  8:55  Zergling x14  
  89  8:56  Overlord x2, Zergling x13  
  89  8:57  Zerg Melee Weapons Level 3, Zergling x21  
  89  8:58  Zergling x21  
  89  8:59  Hydralisk x2, Zergling x23  
  93  9:00  Zergling x18  
  93  9:01  Zergling x22  
  93  9:02  Zergling x23  
  93  9:03  Zergling x23  
  93  9:04  Zergling x25  
  93  9:05  Zergling x28  
  93  9:06  Zergling x19  
  93  9:07  Zergling x24  
  93  9:08  Zergling x26  
  93  9:09  Zergling x19  
  96  9:10  Zergling x25  
  96  9:11  Zergling x31  
  96  9:12  Zergling x25  
  96  9:13  Zergling x28  
  96  9:14  Zergling x16  
  96  9:15  Zergling x31  
  96  9:16  Omega Worm, Zergling x21  
  96  9:17  Zergling x23  
  96  9:18  Hydralisk, Zergling x27  
  96  9:19  Zergling x24  
  98  9:20  Zergling x26  
  98  9:21  Zergling x24  
  98  9:22  Zergling x27  
  98  9:23  Zergling x26  
  98  9:24  Zergling x26  
  98  9:25  Zergling x5  
  104  9:41  Nydus Network  
  104  9:43  Zergling x5  
  104  9:44  Zergling x10  
  104  9:45  Zergling x4  
  104  9:46  Zergling x10  
  104  9:47  Zergling x12  
  104  9:48  Zergling x35  
  104  9:49  Hydralisk, Zergling x14  
  105  9:50  Zergling x31  
  105  9:51  Zergling x15  
  105  9:52  Zergling x26  
  105  9:53  Zergling x47  
  105  9:54  Zergling x12  
  105  9:55  Zergling x10  
  105  9:56  Zergling x42  
  105  9:57  Zergling x24  
  105  9:58  Zergling x31  
  105  9:59  Zergling x22  
  111  10:00  Zergling x23  
  111  10:01  Zergling x30  
  111  10:02  Zergling x13  
  111  10:03  Zergling x26  
  111  10:04  Zergling x26  
  111  10:05  Omega Worm, Zergling x13  
  111  10:06  Zergling x10  
  111  10:07  Zergling x11  
  111  10:08  Zergling x19  
  111  10:09  Zergling x28  
  62  10:10  Zergling x16  
  110  10:11  Zergling x15  
  110  10:12  Zergling x12  
  110  10:13  Zergling x12  
  110  10:14  Zergling x19  
  110  10:15  Overlord x4, Zergling x12  
  110  10:16  Zergling x8  
  110  10:17  Zergling x20  
  110  10:18  Omega Worm, Zergling x10  
  110  10:19  Hydralisk, Zergling x11  
  111  10:20  Zergling x10  
  111  10:21  Zergling x11  
  111  10:22  Zergling x7  
  111  10:23  Zergling x10  
  111  10:24  Overlord, Zergling x3  
  111  10:25  Zerg Missile Weapons Level 2, Zergling x4  
  111  10:26  Zergling x9  
  111  10:27  Zergling x21  
  111  10:28  Zergling x12  
  111  10:29  Zergling x28  
  64  10:30  Zergling x9  
  108  10:31  Zergling x17  
  108  10:32  Zergling x15  
  108  10:33  Zergling x16  
  108  10:34  Zergling x11  
  103  10:41  Zergling x2  
  103  10:42  Zergling x16  
  103  10:43  Zergling x6  
  103  10:44  Omega Worm  
  103  10:45  Zergling x3  
  103  10:46  Zergling x7  
  103  10:47  Zergling x9  
  103  10:48  Zergling x10  
  103  10:49  Zergling x31  
  66  10:50  Zergling x18  
  106  10:51  Zergling x27  
  106  10:52  Zergling x12  
  106  10:53  Zergling x2  
  106  10:54  Zergling x8  
  106  10:55  Zergling x6  
  106  10:56  Zergling x7  
  106  10:57  Zergling x6  
  106  10:58  Zergling  
  106  10:59  Zergling x4  
  108  11:00  Hydralisk, Zergling x3  
  108  11:01  Hydralisk, Zergling x2  
  108  11:05  Zergling x8  
  108  11:06  Zergling x10  
  108  11:07  Zergling x12  
  108  11:08  Zergling x2  
  108  11:09  Zergling x6  
  108  11:10  Zergling x5  
  108  11:11  Zergling x3  
  108  11:12  Zergling x4  
  108  11:16  Omega Worm, Hydralisk x4  
  114  11:28  Zergling x10  
  114  11:29  Hydralisk x3, Zergling x10  
  119  11:30  Zergling x6  
  119  11:31  Zergling x7  
  119  11:32  Zergling x12  
  119  11:33  Zergling x11  
  119  11:34  Zergling x16  
  119  11:35  Zergling x16  
  119  11:36  Zergling x22  
  119  11:37  Zergling x11  
  119  11:38  Zergling x24  
  119  11:39  Omega Worm, Zergling x9  
  118  11:40  Zergling x21  
  118  11:41  Zergling x17  
  118  11:42  Zergling x15  
  118  11:43  Zergling x15  
  118  11:44  Zergling x13  
  118  11:45  Zergling x15  
  118  11:46  Zergling x16  
  118  11:47  Zergling x12  
  118  11:48  Zergling x16  
  118  11:49  Zergling x11  
  126  11:50  Hydralisk x2, Zergling x16  
  126  11:51  Hydralisk x2, Zergling x10  
  126  11:52  Zergling x12  
  126  11:53  Zergling x9  
  126  11:54  Zergling x18  
  126  11:55  Zergling x6  
  126  11:56  Zergling x15  
  126  11:57  Zergling x10  
  126  11:58  Zergling x16  
  126  11:59  Zergling x7  
  73  12:00  Zergling x15  
  116  12:01  Zergling x7  
  116  12:02  Zergling x12  
  116  12:03  Zergling x10  
  116  12:04  Zergling x10  
  116  12:05  Zergling x10  
  116  12:06  Zergling x10  
  116  12:07  Zerg Missile Weapons Level 3, Zergling x9  
  116  12:08  Zergling x9  
  116  12:09  Hydralisk x6, Zergling x11  
  74  12:10  Hydralisk, Zergling x9  
  123  12:11  Zergling x11  
  123  12:12  Zergling x7  
  123  12:13  Zergling x8  
  123  12:14  Zergling x4  
  122  12:22  Hydralisk x2  
  122  12:26  Zergling x4  
  122  12:27  Zergling x5  
  122  12:28  Zergling x5  
  76  12:30  Hydralisk x2, Zergling x2  
  123  12:31  Zergling x4  
  123  12:34  Zergling x4  
  123  12:35  Zergling  
  123  12:37  Omega Worm  
  123  12:38  Hydralisk x2  
  124  12:43  Omega Worm  
  129  13:12  Hydralisk x5  
  129  13:13  Hydralisk x2  
  129  13:20  Omega Worm  
  143  13:42  Zergling x4  
  143  13:43  Hydralisk  
  143  13:44  Hydralisk x6  
  143  13:45  Zerg Ground Armor Level 1  
  145  13:51  Overlord  
  145  13:57  Overlord  
  145  14:05  Zergling x2  
  145  14:06  Zergling x12  
  148  14:10  Omega Worm  
  148  14:21  Omega Worm  
  148  14:25  Hydralisk x2  
  148  14:46  Zergling  
  148  14:47  Zergling x5  
  148  14:48  Zergling x2  
  148  14:49  Hydralisk, Zergling x7  
  90  14:50  Hydralisk x4, Zergling x4  
  158  14:51  Zergling x2  
  158  14:52  Zergling x2  
  158  14:53  Zergling x3  
  158  14:54  Zergling x4  
  158  14:55  Zergling x2  
  158  14:56  Zergling x5  
  158  14:58  Zergling  
  164  15:00  Zergling x4  
  164  15:01  Zergling x3  
  164  15:02  Zergling x3  
  164  15:03  Zergling x4  
  164  15:04  Zergling x3  
  164  15:05  Hydralisk x3, Zergling x4  
  164  15:06  Omega Worm, Zergling x4  
  164  15:07  Zergling x2  
  164  15:08  Zergling x4  
  164  15:09  Zergling x5  
  164  15:10  Zergling x2  
  164  15:11  Zergling x6  
  164  15:12  Zergling x2  
  164  15:13  Zergling x5  
  164  15:14  Zergling x2  
  164  15:16  Zergling  
  150  15:22  Omega Worm  
  150  15:25  Zergling  
  150  15:26  Zergling  
  150  15:27  Zergling  
  150  15:28  Zergling  
  150  15:29  Zergling  
  150  15:30  Zergling  
  150  15:31  Omega Worm, Zergling  
  150  15:32  Zergling  
  150  15:33  Zergling  
  150  15:34  Zergling  
  150  15:35  Zergling x2  
  150  15:36  Zergling  
  150  15:37  Zergling x3  
  150  15:38  Zergling x34  
  150  15:39  Zergling  
  168  15:40  Zergling x2  
  168  15:41  Zergling  
  168  15:42  Hydralisk, Zergling x2  
  168  15:43  Zergling x2  
  168  15:44  Zergling x2  
  168  15:45  Zergling  
  168  15:46  Zergling x3  
  168  15:47  Zergling  
  168  15:48  Zergling x3  
  168  15:49  Zerg Ground Armor Level 2, Zergling  
  167  15:50  Zergling x19  
  167  15:51  Overlord x2, Zergling x12  
  167  15:52  Zergling x11  
  167  15:53  Queen, Zergling x15  
  167  15:54  Zergling x9  
  167  15:55  Zergling x4  
  167  15:56  Zergling  
  167  15:57  Zergling x3  
  167  15:59  Zergling  
  169  16:00  Zergling x3  
  169  16:02  Zergling x2  
  169  16:05  Zergling  
  169  16:10  Omega Worm  
  169  16:13  Zergling  
  169  16:14  Zergling x4  
  169  16:15  Zergling x4  
  169  16:16  Zergling x3  
  169  16:17  Overlord, Zergling x3  
  169  16:18  Zergling x16  
  169  16:19  Zergling  
  171  16:20  Zergling x3  
  171  16:21  Zergling x4  
  171  16:22  Zergling  
  171  16:23  Zergling x3  
  171  16:28  Omega Worm  
  171  16:29  Zergling  
  162  16:30  Zergling x2  
  162  16:31  Omega Worm  
  162  16:32  Zergling x6  
  162  16:34  Zergling x5  
  162  16:35  Zergling x2  
  162  16:36  Zergling x8  
  162  16:37  Zergling x2  
  162  16:38  Zergling x6  
  162  16:39  Zergling x3  
  169  16:41  Hydralisk x2, Zergling x10  
  169  16:42  Hydralisk x4, Zergling  
  169  16:43  Queen, Zergling x5  
  169  16:44  Zergling x5  
  169  16:45  Zergling  
  169  16:46  Zergling x2  
  169  16:47  Zergling x2  
  169  16:48  Zergling  
  169  16:49  Zergling x13  
  170  16:51  Zergling x6  
  170  16:52  Zergling x4  
  170  16:53  Zergling  
  170  16:54  Zergling x4  
  170  16:55  Zergling x2  
  170  16:57  Zergling x8  
  170  16:58  Zergling x2  
  170  16:59  Zergling x2  
  169  17:00  Zergling x6  
  169  17:01  Zergling x2  
  169  17:02  Zergling x6  
  169  17:03  Zergling  
  169  17:04  Zergling x2  
  169  17:05  Zergling x7  
  169  17:06  Zergling  
  169  17:07  Zergling  
  169  17:08  Zergling  
  174  17:10  Zergling x6  
  174  17:11  Zergling x2  
  174  17:12  Zergling x5  
  174  17:13  Zergling x4  
  174  17:14  Zergling x3  
  174  17:15  Hydralisk x4, Zergling x4  
  174  17:17  Zergling x4  
  174  17:19  Zergling x3  
  174  17:20  Zergling  
  174  17:21  Zergling x4  
  174  17:22  Zergling x3  
  174  17:24  Zergling x3  
  174  17:25  Zergling  
  174  17:26  Zergling x2  
  174  17:27  Zergling x4  
  174  17:29  Zergling x3  
  184  17:30  Zergling x4  
  184  17:32  Omega Worm, Zergling x5  
  184  17:34  Hydralisk x6  
  184  17:35  Zergling x7  
  184  17:36  Zergling  
  184  17:37  Zergling  
  184  17:39  Zergling x7  
  182  17:41  Zergling x4  
  182  17:42  Zerg Ground Armor Level 3, Zergling x3  
  182  17:44  Zergling x6  
  182  17:45  Omega Worm, Zergling  
  182  17:46  Zergling x3  
  182  17:49  Hydralisk x2, Zergling x3  
  185  17:52  Zergling  
  185  17:54  Zergling  
  185  17:58  Zergling  
  183  18:01  Omega Worm  
  183  18:04  Zergling  
  183  18:07  Zergling  
  178  18:12  Zergling  
  178  18:16  Zergling  
  178  18:18  Zergling  
  176  18:26  Zergling  
  176  18:27  Zergling x2  
  176  18:28  Zergling x36  
  186  18:34  Omega Worm, Zergling x6  
  186  18:35  Zergling x5  
  186  18:36  Zergling x6  
  186  18:37  Zergling x3  
  186  18:40  Zergling x8  
  186  18:41  Zergling x14  
  186  18:42  Zergling x14  
  186  18:43  Zergling x11  
  186  18:44  Zergling x15  
  186  18:45  Zergling x14  
  186  18:46  Zergling x14  
  186  18:47  Zergling x13  
  186  18:48  Zergling x14  
  186  18:49  Zergling x16  
  186  18:50  Zergling x16  
  186  18:51  Zergling x11  
  186  18:52  Zergling x16  
  186  18:53  Zergling x8  
  186  18:54  Zergling x15  
  186  18:55  Zergling x14  
  186  18:56  Zergling x13  
  186  18:57  Zergling x12  
  186  18:58  Zergling x8  
  186  18:59  Hydralisk x3, Zergling x3  
  194  19:00  Hydralisk, Zergling x3  
  194  19:01  Zergling x2  
  194  19:02  Zergling  
  194  19:07  Zergling x8  
  194  19:08  Zergling x3  
  193  19:10  Zergling x8  
  193  19:11  Zergling x6  
  193  19:15  Zergling x9  
  193  19:17  Zergling x7  
  192  19:23  Omega Worm  
  192  19:25  Zergling  
  192  19:26  Zergling x3  
  192  19:27  Zergling x7  
  192  19:28  Zergling x3  
  192  19:29  Zergling x4  
  191  19:30  Zergling x9  
  191  19:31  Zergling  
  191  19:32  Zergling x4  
  191  19:33  Zergling x7  
  191  19:34  Zergling x5  
  191  19:35  Zergling x3  
  191  19:36  Zergling x7  
  191  19:37  Zergling x4  
  191  19:38  Zergling x2  
  191  19:39  Zergling x2  
  193  19:40  Zergling x4  
  193  19:43  Hydralisk x3  
  184  19:57  Zergling x6  
  184  19:58  Zergling x3  
  184  19:59  Zergling  
  191  20:01  Zergling  
  191  20:02  Overlord x2, Hydralisk x5  
  191  20:03  Hydralisk x3  
  186  20:30  Omega Worm  
  186  20:31  Zergling  
  186  20:42  Zergling x3  
  186  20:43  Zergling  
  186  20:44  Zergling x2  
  186  20:45  Zergling x4  
  186  20:46  Zergling x2  
  186  20:47  Zergling x3  
  186  20:48  Zergling  
  186  20:49  Omega Worm, Zergling x5  
  126  20:50  Zergling x3  
  186  20:51  Zergling x5  
  186  20:52  Zergling x4  
  186  20:53  Zergling x5  
  186  20:54  Zergling x3  
  186  20:55  Zergling x4  
  186  20:56  Zergling x4  
  186  20:57  Zergling x4  
  186  20:58  Zergling x3  
  186  20:59  Zergling x3  
  186  21:00  Zergling x4  
  186  21:01  Zergling x3  
  186  21:02  Zergling x4  
  186  21:03  Zergling x2  
  186  21:04  Zergling x4  
  186  21:05  Zergling x2  
  186  21:06  Zergling x4  
  186  21:07  Zergling x2  
  186  21:08  Hydralisk x4, Zergling x4  
  186  21:09  Hydralisk x3, Zergling  
  200  21:10  Zergling  
  200  21:11  Zergling  
  200  21:12  Zergling  
  200  21:15  Zergling  
  200  21:16  Zergling  
  200  21:19  Zergling  
  199  21:29  Zergling x2  
  197  21:30  Zergling x4  
  197  21:39  Zergling x6  
  198  21:41  Zergling x7  
  198  21:42  Zergling x2  
  198  21:43  Zergling x4  
  198  21:44  Zergling  
  198  21:45  Zergling x5  
  198  21:47  Zergling x5  
  198  21:48  Zergling x5  
  198  21:49  Zergling x4  
  132  21:50  Zergling x6  
  198  21:51  Zergling x3  
  198  21:52  Zergling x7  
  198  21:53  Zergling x2  
  198  21:54  Zergling x8  
  198  21:55  Omega Worm x2, Zergling x2  
  198  21:56  Zergling x8  
  198  21:57  Zergling x2  
  198  21:58  Zergling x7  
  198  21:59  Zergling x2  
  195  22:00  Zergling x4  
  195  22:01  Zergling x2  
  195  22:02  Zergling x3  
  195  22:03  Zergling x5  
  195  22:04  Zergling x4  
  195  22:05  Zergling x2  
  195  22:06  Zergling x3  
  195  22:07  Zergling x3  
  194  22:33  Omega Worm  
  187  22:40  Zergling x3  
  187  22:41  Zergling  
  187  22:42  Zergling x2  
  187  22:43  Zergling  
  187  22:44  Zergling  
  187  22:45  Zergling x2  
  187  22:46  Zergling  
  187  22:47  Zergling x3  
  187  22:49  Hydralisk x3, Zergling x2  
  197  22:50  Hydralisk x3, Zergling x3  
  197  22:51  Zergling  
  197  22:53  Zergling x3  
  197  22:54  Zergling  
  197  22:55  Zergling  
  197  22:56  Omega Worm, Zergling  
  197  22:57  Zergling  
Show
View Real Time Build Order
Export as new Build Order

zpr Terran 

Build Orders:  

Get SALT Encoding   

Tags
 
Add a new tag
Caveats
  • Supply blocks, unpowered buildings, or Contaminate may cause inaccurate times.
  • Supply counts are checked every 10 seconds.